 Dungeon Crawl Stone Soup version 0.29-a0-821-g66395355a5 (webtiles) character file.

Game seed: 4933853985947524396

3724 scionoferis the Transmogrifier (level 10, -7/58 HPs)
             Began as an Octopode Transmuter on July 7, 2022.
             Killed from afar by Maurice (26 damage)
             ... with a bolt of light
             ... on level 8 of the Dungeon.
             The game lasted 00:52:21 (10815 turns).

scionoferis the Transmogrifier (OpTm)              Turns: 10815, Time: 00:52:22

Health: -7/58      AC:  6    Str:  9    XL:     10   Next: 14%
Magic:  18/18      EV: 15    Int: 23    God:
Gold:   310        SH:  0    Dex: 20    Spells: 10/20 levels left

rFire   . . .      SeeInvis .   a - +4 rapier of Kuhabayn {vorpal, rC- Int+4}
rCold   x . .      Faith    .   (no shield)
rNeg    . . .      Spirit   .   D - +1 hat
rPois   .          Reflect  .   (no amulet)
rElec   .          Harm     .   k - +4 ring of protection
rCorr   .          Rampage  .   t - +6 ring of dexterity
Will    .....                   (no ring)
Stlth   ++++......              (no ring)
HPRegen 0.19/turn               (no ring)
MPRegen 0.16/turn               (no ring)
                                (no ring)
                                (no ring)

@: no status effects
A: almost no armour, amphibious, 8 rings, camouflage 1, gelatinous body 1,
(nimble swimmer 1), tentacles
a: no special abilities


You were on level 8 of the Dungeon.
You visited 2 branches of the dungeon, and saw 9 of its levels.

You collected 310 gold pieces.

Inventory:

Hand Weapons
 a - the +4 rapier of Kuhabayn (weapon) {vorpal, rC- Int+4}
   (You found it on level 2 of the Dungeon)

   It inflicts extra damage upon your enemies.
   Int:       It affects your intelligence (+4).
   rC:        It makes you vulnerable to cold.
 b - the +9 sling of the Endless Cities {flame, rF+ Dex+6}
   (You found it on level 5 of the Dungeon)

   Any ammunition fired from it burns those it strikes, dealing additional fire
   damage.
   Dex:       It affects your dexterity (+6).
   rF:        It protects you from fire.
 j - a +1 vampiric dagger
 v - a +3 quarterstaff of chaos
 A - a +0 short sword of venom
Missiles
 l - 9 poisoned darts (quivered)
 u - 4 boomerangs of dispersal
Armour
 D - a +1 hat (worn)
Magical Staves
 z - a staff of cold
Jewellery
 k - a +4 ring of protection (left tentacle)
 t - a +6 ring of dexterity (right tentacle)
Wands
 d - a wand of roots (1)
 m - a wand of flame (14)
 x - a wand of paralysis (1)
 C - a wand of light (1)
Scrolls
 e - 2 scrolls of magic mapping {unknown}
 i - 3 scrolls of summoning
 p - 2 scrolls of poison
 r - 2 scrolls of immolation {unknown}
 w - 2 scrolls of blinking
 y - 2 scrolls of teleportation
 E - a scroll of acquirement {unknown}
 G - a scroll of torment {unknown}
 I - 2 scrolls of fear {unknown}
 J - a scroll of noise {unknown}
 K - a scroll of fog {unknown}
Potions
 c - a potion of mutation
 h - 5 potions of lignification
 n - 2 potions of curing
 o - a potion of haste
 s - a potion of ambrosia
 B - a potion of attraction
 F - a potion of flight {unknown}
 H - a potion of resistance
 L - a potion of invisibility {unknown}


   Skills:
 - Level 1.0 Fighting
 + Level 3.4 Dodging
 + Level 3.9 Stealth
 * Level 5.8 Unarmed Combat
 + Level 5.7 Spellcasting
 + Level 2.4 Conjurations
 - Level 8.0 Transmutations
 + Level 7.1 Ice Magic
 + Level 2.4 Air Magic


You had 10 spell levels left.
You knew the following spells:

 Your Spells              Type           Power      Damage    Failure   Level
a - Beastly Appendage     Tmut           86%        N/A       1%          1
b - Wereblood             Tmut           43%        N/A       1%          2
c - Ice Form              Ice/Tmut       41%        N/A       3%          4
d - Mephitic Cloud        Conj/Pois/Air  14%        N/A       14%         3

Your spell library contained the following spells:

 Spells                   Type           Power      Damage    Failure   Level
 Sting                    Tmut/Pois      96%        1d7       1%          1
 Static Discharge         Conj/Air       17%        3-6/arc   4%          2
 Spider Form              Tmut/Pois      24%        N/A       4%          3
 Summon Small Mammal      Summ           24%        N/A       9%          1
 Poisonous Vapours        Pois/Air       24%        N/A       9%          2
 Ignite Poison            Fire/Tmut/Pois 18%        N/A       9%          3
 Blade Hands              Tmut           21%        N/A       9%          5
 Conjure Flame            Conj/Fire      12%        6-21      16%         3
 Dazzling Flash           Conj/Hex       24%        N/A       16%         3
 Call Canine Familiar     Summ           6%         N/A       26%         3
 Gell's Gravitas          Tloc           6%         N/A       26%         3
 Lesser Beckoning         Tloc           6%         N/A       26%         3
 Summon Guardian Golem    Hex/Summ       6%         N/A       26%         3
 Teleport Other           Tloc           6%         N/A       26%         3
 Irradiate                Conj/Tmut      15%        3d18      28%         5
 Freezing Cloud           Conj/Ice/Air   12%        6-21      43%         5
 Iskenderun's Mystic Bla  Conj/Tloc      12%        2d5       45%         4
 Sticky Flame             Conj/Fire      12%        2d4       45%         4
 Olgreb's Toxic Radiance  Pois           6%         N/A       65%         4
 Lightning Bolt           Conj/Air       8%         1d21      65%         5
 Dragon Form              Tmut           21%        N/A       95%         7
 Simulacrum               Ice/Necr       11%        N/A       97%         6
 Starburst                Conj/Fire      6%         6d4       100%        6
 Maxwell's Capacitive Co  Air            8%         ∞         100%        8
 Polar Vortex             Ice            19%        N/A       100%        9


Dungeon Overview and Level Annotations

Branches:
Dungeon (8/15)             Temple (1/1) D:5
   Lair: D:8-11

Altars:
Cheibriados
Dithmenos
Elyvilon
Fedhas
Gozag
Hepliaklqana
Kikubaaqudgha
Makhleb
Nemelex Xobeh
Okawaru
Qazlal
Ru
Trog
Uskayaw
Vehumet
Wu Jian
Xom
Yredelemnul
Zin
The Shining One

Shops:
D:2 (   D:6 :(*[

Annotations:
D:6 4 runed translucent doors
D:8 Maurice, Psyche


Innate Abilities, Weirdness & Mutations

You cannot wear most types of armour.
You are amphibious.
You can wear up to eight rings at the same time.
Your skin changes colour to match your surroundings (Stealth+).
Your rubbery body absorbs attacks. (AC +1, EV +1)
((You are camouflaged when in or above water. (Stealth+)))
You have tentacles for arms and can constrict up to eight enemies at once.


Message History

Maurice struggles to escape constriction.
The roots lose their grip on something.
Press: ? - help, v - describe, . - travel The floor.
Maurice casts a spell.
Maurice blinks!
You completely miss Maurice. Your grab misses Maurice.
Maurice is lightly wounded.
Maurice barely misses you. Maurice misses you.
Maurice attacks as you move away! Maurice hits you with a +0 short sword!
Maurice steals your staff of earth!
Maurice gestures wildly while chanting.
Maurice blinks!
You see here a +0 pair of boots.
You hit Maurice but do no damage. Your grab misses Maurice.
You squeeze Maurice.
Maurice is lightly wounded.
Maurice misses you. Maurice attacks as you move away!
Maurice closely misses you.
Maurice casts a spell.
Maurice puts on a burst of speed!
Maurice casts a spell.
Maurice flickers and vanishes!
Deactivating autopickup; reactivate with Ctrl-A.
Something hits you. Something steals your potion of magic! Something hits you.
Something steals your amulet of guardian spirit!
You hear a zap.
A bolt of light appears from out of thin air!
The bolt of light hits you!
You hear a zap.
A bolt of light appears from out of thin air!
The bolt of light hits you!!
* * * LOW HITPOINT WARNING * * *
You feel much better. Something hits you but does no damage.
You hear a zap.
A bolt of light appears from out of thin air!
The bolt of light hits you!!
You die...

##.########.#####.....
########.## ####.#.###......
#.........###...###.........
#[####.........## ##.#......
#.# ##...##.(## ##....... #.#
##.###...## ##.#..#.## #.#
#.# #..#.###.##..#.# #.#
##.###..##.#.##...#.# #.#
##..{.@......###.#.#.#
#.####.#.#.#...........<..#
#........#.##.########..###
######.#.#.##.# #..#
##....##.## #.[#
#########.#.....#######..# ##
..........####...........###.
#########.# ##.#######......
#.# #># ######.


There were no monsters in sight!

Vanquished Creatures
  A cyclops (D:6)
  A gargoyle (D:6)
  Prince Ribbit (D:5)
  Sigmund (D:2)
  A wyvern (D:8)
  Menkaure (D:7)
  A black bear (D:6)
  2 water moccasins
  3 ice beasts
  3 sky beasts
  An ogre (D:6)
  A phantom (D:6)
  5 bullfrogs
  A gnoll sergeant (D:8)
  2 necrophages
  3 scorpions
  6 hounds
  An orc priest (D:8)
  Crazy Yiuf (D:4)
  2 jellies
  A gnoll bouda (D:4)
  3 iguanas
  5 orc wizards
  7 gnolls
  6 adders
  A shadow imp (D:6)
  2 white imps
  An ufetubus (D:6)
  A worm (D:2)
  12 dart slugs
  17 orcs
  5 bats
  3 endoplasms
  3 giant cockroaches
  2 goblins
  5 hobgoblins
  8 jackals (D:1)
  4 quokkas
  9 ball pythons
  A frilled lizard (D:2)
  6 kobolds
  5 rats
145 creatures vanquished.

Notes
Turn   | Place    | Note
-------+----------+-------------------------------------------
     0 | D:1      | scionoferis the Octopode Transmuter began the quest for the
                  | Orb.
     0 | D:1      | Reached XP level 1. HP: 13/13 MP: 3/3
   167 | D:1      | Reached XP level 2. HP: 18/18 MP: 3/5
   172 | D:1      | Learned a level 2 spell: Wereblood
   414 | D:1      | Found a faded altar of an unknown god.
   615 | D:1      | Reached skill level 3 in Transmutations
   617 | D:1      | Reached XP level 3. HP: 21/23 MP: 4/6
  1271 | D:2      | Identified the +4 rapier of Kuhabayn {vorpal, rC- Int+4}
  1330 | D:2      | Found Perablang's Weapon Boutique.
  1786 | D:2      | Noticed Sigmund
  2236 | D:3      | Reached XP level 4. HP: 27/28 MP: 6/8
  2241 | D:3      | Learned a level 4 spell: Ice Form
  2869 | D:4      | Noticed a sky beast
  3248 | D:4      | Killed a sky beast
  3249 | D:4      | Reached skill level 4 in Transmutations
  3249 | D:4      | Reached skill level 1 in Ice Magic
  3249 | D:4      | Reached XP level 5. HP: 29/33 MP: 5/9
  4208 | D:4      | Reached XP level 6. HP: 38/38 MP: 7/10
  4502 | D:4      | Found a runed translucent door.
  4503 | D:4      | Noticed Crazy Yiuf
  4647 | D:4      | Killed Crazy Yiuf
  4804 | D:5      | Entered Level 5 of the Dungeon
  4914 | D:5      | Reached skill level 5 in Transmutations
  5243 | D:5      | Noticed Prince Ribbit
  5469 | D:5      | Found a staircase to the Ecumenical Temple.
  5501 | Temple   | Entered the Ecumenical Temple
  5889 | D:5      | Reached XP level 7. HP: 22/43 MP: 9/12
  6232 | D:5      | Identified the +9 sling of the Endless Cities {flame, rF+
                  | Dex+6}
  6554 | D:5      | Killed Prince Ribbit
  6555 | D:5      | Reached skill level 6 in Transmutations
  7017 | D:2      | Killed Sigmund
  7018 | D:2      | Reached XP level 8. HP: 48/48 MP: 14/14
  7151 | D:6      | Reached skill level 5 in Ice Magic
  7239 | D:6      | Found Uwo Keapt's Assorted Antiques.
  7253 | D:6      | Found Bosu's Antique Weapon Boutique.
  7288 | D:6      | Found Zileedeu's Antique Armour Boutique.
  7888 | D:6      | Reached skill level 7 in Transmutations
  7915 | D:6      | Found a large runed translucent door.
  7955 | D:6      | Found a large runed translucent door.
  7988 | D:6      | Noticed a cyclops
  8028 | D:6      | Found a large runed translucent door.
  8028 | D:6      | Found a large runed translucent door.
  8030 | D:6      | Noticed a boulder beetle
  8061 | D:6      | Noticed a gargoyle
  8274 | D:6      | Found Feph's Book Shoppe.
  8306 | D:6      | Killed a cyclops
  8307 | D:6      | Reached skill level 5 in Spellcasting
  8307 | D:6      | Reached XP level 9. HP: 53/53 MP: 12/16
  8536 | D:6      | Reached skill level 1 in Stealth
  8658 | D:6      | Learned a level 3 spell: Mephitic Cloud
  8810 | D:6      | Upgraded the game from 0.29-a0-819-g94b489e0ae to
                  | 0.29-a0-821-g66395355a5
  8939 | D:6      | Killed a gargoyle
  9110 | D:7      | Reached skill level 1 in Conjurations
  9157 | D:7      | Reached skill level 1 in Air Magic
  9450 | D:7      | Noticed Menkaure
  9467 | D:7      | Killed Menkaure
  9468 | D:7      | Reached skill level 5 in Unarmed Combat
  9468 | D:7      | Reached skill level 8 in Transmutations
  9789 | D:7      | Identified the +0 pair of gloves of Infinity {+Blink}
 10130 | D:8      | Reached XP level 10. HP: 57/58 MP: 16/18
 10608 | D:8      | Noticed Psyche
 10744 | D:8      | Noticed Maurice
 10812 | D:8      | HP: 1/58 [something/bolt of light (26)]
 10815 | D:8      | Killed from afar by Maurice

Illustrated notes

Levels and vault maps discovered:
D:1:      sevenhm_arrival_forest_fort_small_3, layout_basic,
          ebering_ecumenical_altar_rust, minmay_misc_feat_chi,
          serial_park_tiny_2, nrook_campfire
D:2:      minmay_diamond_boxcup, layout_basic, serial_shops,
          nicolae_shop_bloodbath_and_beyond, uniq_sigmund
D:3:      layout_basic
D:4:      layout_loops_ring, uniq_crazy_yiuf_cottage
D:5:      kennysheep_slugbush, layout_basic, minmay_temple_entry_slanted,
          corexii_item_surrounded_by_moat, uniq_prince_ribbit1
D:6:      layout_basic, serial_shops, shop, nicolae_shop_crystal,
          nicolae_square_shop, nicolae_shop_stone, minmay_hollow_rounded_squares
D:7:      layout_loops_ring, uniq_menkaure
D:8:      layout_loops_ring, uniq_maurice, uniq_psyche
Temple:   nicolae_temple_slightly_damp_pantheon

Skill      XL: |  1  2  3  4  5  6  7  8  9 10 |
---------------+-------------------------------+-----
Transmutations | 3 4 5 6 7 8 |  8.0
Spellcasting   | 3 4 5 |  5.7
Ice Magic      | 1 2 3 4 6 7 |  7.1
Unarmed Combat | 4 5 |  5.8
Stealth        | 3 |  3.9
Conjurations   | 2 |  2.4
Air Magic      | 1 2 |  2.4
Dodging        | 3 |  3.4
Fighting       | |  1.0

Action                   |  1- 3 |  4- 6 |  7- 9 | 10-12 || total
-------------------------+-------+-------+-------+-------++-------
Melee: Unarmed           |    19 |    79 |   167 |    38 ||   303
       Constrict         |    25 |    10 |     3 |       ||    38
       Tentacles         |    10 |     5 |     3 |     1 ||    19
       Dagger            |    43 |       |       |       ||    43
       Kick              |    16 |       |       |       ||    16
       Rapier            |    15 |    33 |    12 |     2 ||    62
       Punch             |       |       |     1 |       ||     1
 Fire: Sling             |       |       |     2 |       ||     2
Throw: Dart              |     1 |       |       |       ||     1
 Cast: Beastly Appendage |    17 |     2 |       |       ||    19
       Ice Form          |       |    10 |    22 |     6 ||    38
       Mephitic Cloud    |       |       |       |     1 ||     1
Evoke: Wand              |       |       |    15 |     1 ||    16
  Use: Scroll            |       |       |     8 |       ||     8
       Potion            |       |       |     4 |     1 ||     5
 Stab: Sleeping          |     6 |     8 |     4 |     2 ||    20
       Paralysed         |       |       |    12 |       ||    12
Armor: Skin              |     7 |    35 |    70 |    15 ||   127
Dodge: Dodged            |    44 |    33 |    79 |    18 ||   174

Table legend: (Time is in decaauts)
 A = Elapsed time spent in this place.
 B = Non-inter-level travel time spent in this place.
 C = Inter-level travel time spent in this place.
 D = Time resting spent in this place.
 E = Time spent auto-exploring this place.
 F = Levels seen in this place.
 G = Mean time per level.
                   A        B        C        D        E       F      G
               +--------+--------+--------+--------+--------+-----+--------+
         Total |  10813 |   9979 |    834 |   1574 |   5936 |   9 | 1201.4 |
       Dungeon |  10509 |   9722 |    787 |   1574 |   5704 |   8 | 1313.6 |
        Temple |    304 |    257 |     47 |      0 |    232 |   1 |  304.0 |
               +--------+--------+--------+--------+--------+-----+--------+

Top non-repeatable levels by time:
     D:5: 1860 daAuts
     D:6: 1801 daAuts
     D:4: 1612 daAuts
     D:2: 1364 daAuts
     D:7: 1151 daAuts
     D:3: 1066 daAuts
     D:1: 1053 daAuts
     D:8: 599 daAuts
  Temple: 304 daAuts
